 Dungeon Crawl Stone Soup version 0.17-a0-1987-gaf5a542 (webtiles) character file.

7510 tp1 the Protected (level 11, -8/64 HPs)
             Began as a Gargoyle Berserker on Oct 5, 2015.
             Was a High Priest of Trog.
             Killed from afar by a fire drake (22 damage)
             ... with a blast of flame
             ... in a volcano on Oct 6, 2015.
             The game lasted 00:57:20 (8057 turns).

tp1 the Protected (Gargoyle Berserker)              Turns: 8057, Time: 00:57:20

Health: -8/64      AC: 26    Str: 24    XL:     11   Next: 16%
Magic:  11/11      EV: 10    Int:  8    God:    Trog [*****.]
Gold:   1190       SH:  0    Dex:  9    Spells: 0 memorised, 10 levels left

rFire  x . .     SeeInvis .     n - +3 great mace (holy)
rCold  + . .     Clarity  .     e - +0 plate armour
rNeg   + . .     SustAt   .     (no shield)
rPois  ∞         Gourm    .     U - +0 helmet
rElec  +         Spirit   .     (no cloak)
rCorr  .         Warding  .     (no gloves)
rMut   .         Stasis   .     l - +0 pair of boots
MR     .....                    (no amulet)
Stlth  ..........               o - +2 ring of evasion
                                k - ring of ice

@: not resistant to hostile enchantments, extremely unstealthy
A: negative energy resistance 1, electricity resistance, unbreathing,
petrification resistance, rot immunity, AC +7
a: Burn Spellbooks, Berserk, Trog's Hand, Brothers in Arms, Renounce Religion


You were in a volcano.
You worshipped Trog.
Trog was extremely pleased with you.
You were not hungry.

You visited 2 branches of the dungeon, and saw 13 of its levels.
You also visited: Volcano.

You collected 1190 gold pieces.

Inventory:

Hand Weapons
 a - a +2 dire flail of crushing
 b - a +0 mace
 n - a +3 great mace of holy wrath (weapon)
 B - a +0 morningstar
 K - a +0 morningstar
 Q - a +0 war axe
 Y - a +0 war axe
Armour
 e - a +0 plate armour (worn)
 l - a +0 pair of boots (worn)
 U - a +0 helmet (worn)
Jewellery
 h - an uncursed ring of poison resistance
 i - an uncursed ring of wizardry
 k - a ring of ice (left hand)
 o - a +2 ring of evasion (right hand)
 r - a cursed amulet of inaccuracy {unknown}
 w - a cursed ring of protection from magic {unknown}
 E - an uncursed amulet of faith {unknown}
 N - a cursed -4 ring of evasion
 P - a +4 ring of protection {unknown}
 T - an uncursed ring of fire {unknown}
Wands
 y - a wand of slowing (48)
 I - a wand of polymorph (12)
Scrolls
 g - 3 scrolls of remove curse
 j - 5 scrolls of identify
 F - 2 scrolls of recharging
 G - a scroll of blinking
 M - 2 scrolls of magic mapping
Potions
 d - 5 potions of curing
 f - 4 potions of might {unknown}
 p - 2 potions of cancellation {unknown}
 s - 2 potions of agility {unknown}
 t - a potion of resistance {unknown}
 v - a potion of magic {unknown}
 A - a potion of brilliance {unknown}
 L - a potion of haste {unknown}
 S - a potion of flight {unknown}
 V - a potion of heal wounds {unknown}
Comestibles
 c - 5 bread rations
 m - 2 slices of pizza
 q - 5 chunks of flesh
 x - 5 fruits
 D - a royal jelly
 W - a meat ration


   Skills:
 - Level 5.7 Fighting
 - Level 8.8(9.7) Axes
 * Level 7.3(9.5) Maces & Flails
 * Level 12.4 Armour
 - Level 1.6 Dodging


You had 10 spell levels left.
You didn't know any spells.

Dungeon Overview and Level Annotations

Branches:
Dungeon (10/15)            Temple (0/1) D:5             Orc (3/4) D:9
   Lair: D:8-11         Elf: Orc:3-4

Altars:
Cheibriados
Okawaru
Qazlal
Ru
Sif Muna
Trog
Xom

Shops:
D:4 =


Innate Abilities, Weirdness & Mutations

You are resistant to torment.
Your stone body is resilient (AC +7).
You are immune to poison.
You resist negative energy.
You are resistant to electric shocks.
You can survive without breathing.
You are immune to petrification.
You are immune to rotting.


Message History

You hit the fire drake.
The fire drake is lightly wounded.
The fire drake bites you but does no damage.
The fire drake bites you.
You closely miss the fire drake.
The fire drake is lightly wounded.
The fire drake bites you but does no damage.
The fire drake breathes flames at you. The blast of flame misses you.
Drink which item? (? for menu, Esc to quit)
Okay, then.
The air gets thick with the scent of sulphur.
The fire drake barely misses you.
In the distance, the volcano erupts with a roar.
The fire drake breathes flames at you. The blast of flame hits you!
The fire burns you terribly!
* * * LOW HITPOINT WARNING * * *
The fire drake breathes flames at you. The blast of flame hits you!
The fire burns you terribly!
You die...

#§§§≈## #§≈§≈.# ##§≈...##
≈ #≈≈≈....# . #§§.∩..# !
##≈≈÷### [ ####.# .
###.## $ #.@####### ####
##. ##.k.##..###..###8#
#...8.H.......#.##
##.§§.≈≈≈≈§≈....###
##..§≈§≈≈≈≈≈§≈≈....#
##....§≈≈§§≈§≈§≈.....
#...≈≈≈≈§≈≈≈≈≈≈≈....#
##....≈≈§≈§§§≈§§§≈....
####....§≈≈≈≈≈≈§≈§§....##


You could see a toenail golem, a manticore and a fire drake.

Vanquished Creatures
  Erolcha (D:8)
  Pikel (D:6)
  A hill giant (D:10)
  A manticore (Volcano)
  A troll (D:9)
  Grinder (D:3)
  A hippogriff (D:7)
  3 wargs
  9 orc warriors
  An ice beast (D:8)
  A black bear (D:7)
  7 ogres
  2 centaurs
  A necrophage (D:5)
  A phantom (D:8)
  3 giant frogs
  A big kobold (D:7)
  3 scorpions (D:7)
  5 wights (D:4)
  4 jellies
  15 orc priests
  2 crimson imps (D:5)
  5 hounds
  20 orc wizards
  4 centaur skeletons
  A giant frog skeleton (D:4)
  8 worker ants
  2 hound zombies
  2 gnolls (D:4)
  8 adders
  A worm (D:3)
  An adder zombie (D:6)
  6 giant geckos
  97 orcs
  8 giant cockroaches
  6 goblins
  3 hobgoblins
  4 quokkas
  8 bats
  A giant gecko skeleton (D:7)
  5 giant newts
  2 jackals (D:1)
  12 kobolds
  A quokka zombie (D:8)
  3 rats
273 creatures vanquished.

Vanquished Creatures (others)
  A hungry ghost (D:8)
  Edmund (D:6)
  A black bear (D:9)
  An orc wizard (D:4)
  An ooze (D:6)
  A quokka (D:6)
6 creatures vanquished.

Grand Total: 279 creatures vanquished

Notes
Turn   | Place    | Note
--------------------------------------------------------------
     0 | D:1      | tp1 the Gargoyle Berserker began the quest for the Orb.
     0 | D:1      | Reached XP level 1. HP: 14/14 MP: 1/1
   148 | D:1      | Reached XP level 2. HP: 16/19 MP: 2/2
   274 | D:1      | Acquired Trog's second power
   494 | D:2      | Reached XP level 3. HP: 21/24 MP: 3/3
   495 | D:2      | Reached skill level 4 in Fighting
  1152 | D:3      | Reached XP level 4. HP: 3/29 MP: 4/4
  1152 | D:3      | Reached XP level 5. HP: 3/34 MP: 5/5
  1559 | D:3      | Noticed Grinder
  1576 | D:3      | Killed Grinder
  1576 | D:3      | Reached skill level 5 in Fighting
  1576 | D:3      | Reached XP level 6. HP: 31/40 MP: 6/6
  1933 | D:4      | Reached skill level 5 in Armour
  1933 | D:4      | Reached XP level 7. HP: 38/44 MP: 7/7
  2061 | D:4      | Reached skill level 5 in Axes
  2217 | D:4      | Found Uqamio's Jewellery Shoppe.
  2312 | D:4      | Reached skill level 6 in Armour
  2351 | D:4      | Found a snail-covered altar of Cheibriados.
  2617 | D:4      | Reached XP level 8. HP: 51/51 MP: 8/8
  2748 | D:5      | Entered Level 5 of the Dungeon
  3105 | D:5      | Found a staircase to the Ecumenical Temple.
  3279 | D:5      | Reached skill level 7 in Armour
  3787 | D:6      | Noticed Pikel
  3809 | D:6      | Killed Pikel
  3809 | D:6      | Reached skill level 8 in Armour
  3809 | D:6      | Reached XP level 9. HP: 23/55 MP: 9/9
  4026 | D:6      | Killed Edmund
  4169 | D:6      | Found a stormy altar of Qazlal.
  4255 | D:6      | Found a deep blue altar of Sif Muna.
  4353 | D:6      | Reached skill level 9 in Armour
  4774 | D:7      | Found a sacrificial altar of Ru.
  4790 | D:7      | Upgraded the game from 0.17-a0-1979-g1c74939 to 0.17-a0-1987-gaf5a542
  4892 | D:7      | Acquired Trog's third power
  4898 | D:7      | Reached skill level 10 in Armour
  5318 | D:8      | Noticed Erolcha
  5331 | D:8      | Killed Erolcha
  5331 | D:8      | Reached skill level 5 in Maces & Flails
  5331 | D:8      | Reached XP level 10. HP: 53/60 MP: 10/10
  5401 | D:8      | Found an iron altar of Okawaru.
  5402 | D:8      | Found a bloodstained altar of Trog.
  5745 | D:8      | Found a shimmering altar of Xom.
  5887 | D:8      | You fall through a shaft for 2 floors!
  5887 | D:10     | Entered Level 10 of the Dungeon
  5887 | D:10     | Noticed a hill giant
  5896 | D:10     | Killed a hill giant
  5896 | D:10     | Reached skill level 11 in Armour
  6081 | D:9      | Found a staircase to the Orcish Mines.
  6132 | Orc:1    | Entered Level 1 of the Orcish Mines
  6345 | Orc:1    | Received a gift from Trog
  6713 | Orc:2    | Reached skill level 12 in Armour
  6731 | Orc:2    | Reached XP level 11. HP: 61/64 MP: 11/11
  7786 | Orc:3    | Received a gift from Trog
  7968 | Orc:3    | Found a dark tunnel.
  7974 | Volcano  | Entered a volcano
  8057 | Volcano  | Killed from afar by a fire drake

Vault maps used:
D:1:      dpeg_arrival_erosion
D:2:      first_bread
D:3:      uniq_grinder
D:4:      serial_shops, nicolae_shop_statue_plus, minmay_tree_intersection,
          nrook_mini_backslash, minmay_item_behind_shaft,
          cheibriados_altar_wand_db
D:5:      minmay_temple_entry_poolview
D:6:      kennysheep_little_box, nicolae_qazlal_style_of_elements, uniq_pikel,
          uniq_edmund
D:7:      nicolae_ru_awakened_eye, corexii_item_surrounded_by_moat
D:8:      grunt_temple_overflow_bloody_war, minitemple, basic_altar,
          grunt_ogre_cave, kennysheep_generic_room_11, uniq_erolcha
D:9:      erik_orc_3, basic_altar, xom_confusion_cloud
D:10:     uniq_joseph
Orc:3:    nicolae_volcano_entry_two_sided, nicolae_orc_pool_cavern,
          nicolae_orc_sculptors_studio, nicolae_orc_lost_temple
Volcano:  volcano_pools

Action                   |  1- 3 |  4- 6 |  7- 9 | 10-12 || total
-------------------------+-------+-------+-------+-------++-------
Melee: Hand axe          |   110 |    78 |   130 |       ||   318
       Morningstar       |       |       |   171 |       ||   171
       War axe           |       |       |    81 |   166 ||   247
       Dire flail        |       |       |       |   181 ||   181
       Mace              |       |       |       |    14 ||    14
       Great mace        |       |       |       |    20 ||    20
Invok: Berserk           |     1 |     1 |     8 |     7 ||    17
       Trog's Hand       |       |       |       |     1 ||     1
  Use: Scroll            |       |       |       |     8 ||     8
  Eat: Chunk             |       |     5 |    14 |    10 ||    29
       Bread ration      |       |       |     1 |     2 ||     3
